 Dungeon Crawl Stone Soup version 0.23-a0-307-gc3b755d (webtiles) character file.

246 iamserjio the Gusty (level 6, 0/54 HPs)
             Began as a Tengu Air Elementalist on Oct 10, 2018.
             Killed by divine providence
             ... invoked by an orc priest
              (10 damage)
             ... on level 4 of the Dungeon.
             The game lasted 00:08:25 (1225 turns).

iamserjio the Gusty (Tengu Air Elementalist)        Turns: 1225, Time: 00:08:26

Health: 0/54       AC: 23    Str:  9    XL:     6   Next: 11%
Magic:  2/10       EV:  2    Int: 17    God:
Gold:   94         SH:  0    Dex: 14    Spells: 4/9 levels left

rFire    . . .     SeeInvis .     - Unarmed
rCold    . . .     Gourm    .   (no shield)
rNeg     + + +     Faith    .   (armour currently unavailable)
rPois    +         Spirit   .   (helmet currently unavailable)
rElec    .         Reflect  .   (cloak currently unavailable)
rCorr    .         Harm     .   (gloves currently unavailable)
MR       .....     NoTele   +   (boots unavailable)
Stlth    ++........             (no amulet)
HPRegen  0.18/turn              (no ring)
MPRegen  0.12/turn              (no ring)

@: tree-form, berserk cooldown, slowed, very slow
A: able to fly 1
a: Fly


You were on level 4 of the Dungeon.
You were not hungry.
You were a tree.
You visited 1 branch of the dungeon, and saw 4 of its levels.

You collected 94 gold pieces.

Inventory:

Missiles
 f - 59 arrows
Armour
 a - a +0 robe (melded)
 n - a +1 cloak (melded)
 o - a cursed +0 ring mail
Scrolls
 b - 2 scrolls of identify {unknown}
 d - 4 scrolls of remove curse {unknown}
 h - a scroll of enchant weapon {unknown}
 k - 4 scrolls of teleportation {unknown}
Potions
 e - a potion of heal wounds {unknown}
 g - a potion of degeneration {unknown}
 i - 2 potions of lignification
 j - a potion of curing {unknown}
 m - a potion of berserk rage
Comestibles
 c - 6 rations


   Skills:
 + Level 2.5 Fighting
 - Level 2.1 Dodging
 - Level 2.0 Stealth
 * Level 4.2 Unarmed Combat
 - Level 2.0 Spellcasting
 - Level 2.0 Conjurations
 + Level 5.4 Air Magic


You had 4 spell levels left.
You knew the following spells:

 Your Spells              Type           Power        Failure   Level  Hunger
a - Shock                 Conj/Air       ##..         4%          1    #......
b - Airstrike             Air            ###.......   21%         4    #####..

Your spell library contained the following spells:

 Spells                   Type           Power        Failure   Level  Hunger
 Swiftness                Chrm/Air       ##......     10%         2    ###....
 Static Discharge         Conj/Air       ##......     13%         3    ###....
 Lightning Bolt           Conj/Air       ##........   75%         5    ######.


Dungeon Overview and Level Annotations

Branches:
Dungeon (4/15)
 Temple: D:4-7

Altars:
Trog

Annotations:
D:4 1 runed door, vogonpoet's ghost, amateur GnWn


Innate Abilities, Weirdness & Mutations

((You have a beak for a mouth.))
((You have claws for feet.))
You can fly.


Message History

Aim: an orc priest, wielding a short sword and wearing a leather armour The zap hits the orc priest.
Casting: Shock (safe; 4% risk of failure)
Aiming: Shock (safe; 4% risk of failure)
Aim: an orc priest, wielding a short sword and wearing a leather armour The zap hits the orc priest.
The orc priest calls down the wrath of Beogh upon you.
Beogh smites you!
* * * LOW HITPOINT WARNING * * *
It was a potion of berserk rage.
A red film seems to cover your vision as you go berserk!
You feel yourself moving faster!
You feel mighty!
You feel a strong urge to attack something.
You feel your anger nearly subside.
You are no longer berserk.
You are exhausted.
You feel yourself slow down.
The orc priest mumbles some strange prayers to Beogh against you.
Beogh smites you!
You die...

#.## ..# ###..# ####
#....# ...## #.##.#
###.## #.##.# #
##.####.##.#
#.........##########.
#
##.####.##....♣.o.>..?
###.##
#.##.##########. ...##
#.##.. #.## #......
#.# ######## #.# #.#
#.# #.#


You could see an orc priest.

Vanquished Creatures
  A scorpion (D:2)
  A hound (D:4)
  A bullfrog skeleton (D:4)
  3 gnolls (D:3)
  3 adders
  An ooze (D:1)
  A worm (D:4)
  A dart slug (D:3)
  2 leopard geckos (D:3)
  6 orcs
  7 bats
  6 hobgoblins
  11 jackals
  3 kobolds (D:1)
  A quokka (D:3)
  4 frilled lizards
  7 goblins
  8 rats
67 creatures vanquished.

Notes
Turn   | Place    | Note
-------+----------+-------------------------------------------
     0 | D:1      | iamserjio the Tengu Air Elementalist began the quest for
                  | the Orb.
     0 | D:1      | Reached XP level 1. HP: 10/10 MP: 4/4
    87 | D:1      | Reached skill level 1 in Unarmed Combat
    87 | D:1      | Reached XP level 2. HP: 5/16 MP: 1/6
   296 | D:1      | Reached XP level 3. HP: 10/20 MP: 2/7
   304 | D:1      | Reached skill level 1 in Fighting
   415 | D:2      | Noticed a scorpion
   431 | D:2      | Killed a scorpion
   431 | D:2      | Reached XP level 4. HP: 19/25 MP: 4/8
   638 | D:3      | Gained mutation: You can fly. [Tengu growth]
   638 | D:3      | Reached XP level 5. HP: 10/30 MP: 1/9
   684 | D:3      | Reached skill level 5 in Air Magic
   874 | D:3      | Found a bloodstained altar of Trog.
  1039 | D:3      | Learned a level 4 spell: Airstrike
  1061 | D:4      | Found a runed door.
  1061 | D:4      | Noticed vogonpoet's ghost (amateur GnWn)
  1121 | D:4      | Reached XP level 6. HP: 3/36 MP: 6/10
  1225 | D:4      | Killed from afar by an orc priest

Vault maps used:
D:1:      eino_arrival_water_cross, serial_bayou, serial_bayou_pond_b,
          serial_bayou_pond_d, serial_bayou_crossing, serial_bayou_shore_a
D:2:      lemuel_coloured_pillars_altar
D:3:      lemuel_doored_altar
D:4:      fedhas_bush_and_centaur_altar, ebering_ghost_inner_flame,
          serial_glass, glass_columns_a, glass_columns_a, minmay_strange_pillars

Skill      XL: |  1  2  3  4  5 |
---------------+----------------+-----
Unarmed Combat | 1 2 3 4 |  4.2
Conjurations   | 2 |  2.0
Fighting       | 1 2 |  2.5
Air Magic      | 5 |  5.4
Dodging        | |  2.1
Stealth        | |  2.0
Spellcasting   | |  2.0

Action                   |  1- 3 |  4- 6 || total
-------------------------+-------+-------++-------
Melee: Unarmed           |    17 |    35 ||    52
       Peck              |     5 |     1 ||     6
       Kick              |     2 |     4 ||     6
 Cast: Shock             |    33 |    65 ||    98
  Use: Potion            |       |     3 ||     3
 Stab: Sleeping          |     1 |     1 ||     2
  Eat: Chunk             |       |     3 ||     3
Armor: Robe              |     4 |     6 ||    10
       Skin              |       |     9 ||     9
Dodge: Dodged            |    16 |    41 ||    57

Table legend:
 A = Non-vault XP
 B = Vault XP
 C = Vault XP percentage of total XP
 D = Non-vault monster count
 E = Vault monster count
 F = Vault count percentage of total count
                 A         B        C        D         E       F
            +---------+---------+-------+---------+---------+-------
      Total |     345 |       7 |   2.0 |      62 |       5 |   7.5
            +---------+---------+-------+---------+---------+-------
        D:1 |      43 |       7 |  14.0 |      23 |       5 |  17.9
        D:2 |      76 |       0 |   0.0 |       4 |       0 |   0.0
        D:3 |     123 |       0 |   0.0 |      30 |       0 |   0.0
        D:4 |     103 |       0 |   0.0 |       5 |       0 |   0.0
            +---------+---------+-------+---------+---------+-------
